 Dungeon Crawl Stone Soup version 0.26-a0-284-g73c0fb6129 (webtiles) character file.

Game seed: 7724726330392857235

31526 MrRokkomies the Carver (level 13, -9/103 HPs)
             Began as a Barachi Fighter on July 13, 2020.
             Was a High Priest of Cheibriados.
             Mangled by a catoblepas (18 damage)
             ... on level 4 of the Lair of Beasts.
             The game lasted 00:46:59 (17477 turns).

MrRokkomies the Carver (Barachi Fighter)           Turns: 17477, Time: 00:47:00

Health: -9/103     AC: 14    Str: 32    XL:     13   Next: 58%
Magic:  20/20      EV: 16    Int: 27    God:    Cheibriados [*****.]
Gold:   1010       SH:  0    Dex: 23    Spells: 2/12 levels left

rFire    . . .     SeeInvis +   a - +2 scimitar (flame)
rCold    . . .     Faith    .   (no shield)
rNeg     . . .     Spirit   .   f - +1 plate armour
rPois    +         Reflect  .   t - +0 hat {SInv}
rElec    .         Harm     .   h - scarf {+Inv}
rCorr    .                      (no gloves)
MR       +....                  A - -3 pair of boots of Inaction {rPois Str+3 Int+3}
Stlth    ..........             (no amulet)
HPRegen  0.27/turn              v - ring of wizardry
MPRegen  0.17/turn              N - ring of protection from magic

@: studying Polearms, lightly drained, very slow
A: +LOS, swims, slowness 1, strong legs 2
a: Hop, Bend Time, Temporal Distortion, Slouch, Step From Time, Renounce
Religion, Evoke Invisibility


You were on level 4 of the Lair of Beasts.
You worshipped Cheibriados.
Cheibriados was extremely pleased with you.
You visited 3 branches of the dungeon, and saw 15 of its levels.
You also visited: Ossuary.

You collected 1010 gold pieces.

Inventory:

Hand Weapons
 a - a +2 scimitar of flaming (weapon)
 b - a +3 longbow of flaming
 w - a +0 triple sword
 F - a +1 short sword of venom
 O - a +1 dagger of electrocution
Missiles
 j - 333 arrows
Armour
 f - a +1 plate armour (worn)
 h - a scarf of invisibility (worn)
 t - a +0 hat of see invisible (worn)
 A - the -3 pair of boots of Inaction (worn) {rPois Str+3 Int+3}
   (You found it on level 6 of the Dungeon)

   It affects your strength (+3).
   It affects your intelligence (+3).
   It protects you from poison.
Jewellery
 v - a ring of wizardry (left hand)
 N - a ring of protection from magic (right hand)
Wands
 o - a wand of flame (34)
 z - a wand of clouds (2)
 P - a wand of digging (5)
Scrolls
 l - 4 scrolls of remove curse
 m - 2 scrolls of blinking
 n - 2 scrolls of teleportation
 q - 2 scrolls of magic mapping
 r - a scroll of amnesia
 J - 6 scrolls of identify
Potions
 d - 3 potions of might
 g - a potion of ambrosia
 i - a potion of brilliance
 s - 4 potions of curing
 B - 2 potions of haste {unknown}
 C - 2 potions of flight
 D - a potion of heal wounds
 E - a potion of invisibility
 G - 3 potions of mutation
 K - a potion of stabbing
 M - a potion of resistance {unknown}
Books
 x - a manual of Polearms
Miscellaneous
 H - a phantom mirror


   Skills:
 + Level 10.2(9.6) Fighting
 - Level 14.0(13.3) Long Blades
 * Level 1.6(1.1) Bows
 * Level 12.0(11.4) Armour
 + Level 10.1(9.6) Dodging
   Level 3.2(2.8) Shields
 + Level 9.5(8.9) Invocations
 - Level 6.0(5.5) Evocations


You had 2 spell levels left.
You knew the following spells:

 Your Spells              Type           Power        Failure   Level
a - Blink                 Tloc           N/A          38%         2
b - Animate Dead          Necr           #.........   93%         4
c - Iskenderun's Mystic   Conj/Tloc      #.......     93%         4

Your spell library contained the following spells:

 Spells                   Type           Power        Failure   Level
 Animate Skeleton         Necr           #.....       26%         1
 Apportation              Tloc           #.....       26%         1
 Corona                   Hex            #......      26%         1
 Foxfire                  Conj/Fire      #...         26%         1
 Magic Dart               Conj           #...         26%         1
 Pain                     Necr           #...         26%         1
 Summon Small Mammal      Summ           #...         26%         1
 Call Imp                 Summ           #.......     38%         2
 Searing Ray              Conj           #.....       38%         2
 Slow                     Hex            #.......     38%         2
 Conjure Flame            Conj/Fire      #.......     61%         3
 Dazzling Flash           Conj/Hex       #.....       61%         3
 Inner Flame              Hex/Fire       #.......     61%         3
 Mephitic Cloud           Conj/Pois/Air  #.......     61%         3
 Vampiric Draining        Necr           #.........   61%         3
 Fulminant Prism          Conj/Hex       #.........   93%         4
 Sticky Flame             Conj/Fire      #.......     93%         4
 Agony                    Necr           #.......     99%         5
 Fireball                 Conj/Fire      #.........   99%         5


Dungeon Overview and Level Annotations

Branches:
Dungeon (9/15)             Temple (1/1) D:5            Lair (5/6) D:8
  Swamp (0/4) Lair:4      Ossuary (visited)
  Snake: Lair:2-4    Spider: Lair:2-4     Slime: Lair:5-6       Orc: D:9-12

Altars:
Ashenzari
Cheibriados
Dithmenos
Elyvilon
Fedhas
Gozag
Hepliaklqana
Kikubaaqudgha
Makhleb
Nemelex Xobeh
Okawaru
Qazlal
Ru
Sif Muna
Trog
Uskayaw
Vehumet
Wu Jian
Xom
Yredelemnul
Zin
The Shining One
Beogh

Shops:
D:8 (


Innate Abilities, Weirdness & Mutations

You can be seen from farther away. (+LOS)
You can swim through water.
You cover ground slowly.
You can hop long distances.


Message History

Cheibriados appreciates the change of pace.
The catoblepas breathes a plume of calcifying dust at you.
The blast of calcifying dust hits you but does no damage.
Unknown command.
The catoblepas breathes a plume of calcifying dust at you.
The blast of calcifying dust hits you but does no damage.
The catoblepas breathes a plume of calcifying dust at you.
The blast of calcifying dust hits you but does no damage.
The catoblepas breathes a plume of calcifying dust at you.
The blast of calcifying dust hits you!
You hit the catoblepas but do no damage.
The catoblepas completely misses you.
You slash the catoblepas! You burn the catoblepas.
The catoblepas is lightly wounded.
The catoblepas breathes a plume of calcifying dust at you.
The blast of calcifying dust hits you. The catoblepas gores you!!
* * * LOW HITPOINT WARNING * * *
The catoblepas gores you!!
You die...

....P. ............####..#
........§...........# #...
........§#....#.....###...
##.....§§P.....#..........
#......§§..........P...... .
###..P...§.................
#.#.#.....§§P.....#..........
#....( #..§§.................
##...§##..§§@......#.........
....!.....§YP................
..........§.PP...............
....$....†...................
..#.#+.##†............).##...
#.....................#....
#..........##......#.#..##...
...##..#....##...............
#.......#....................


You could see a catoblepas.

Vanquished Creatures
  Gastronok (D:9)
  Nessos (Lair:5)
  Josephine (Lair:4)
  4 hydras
  Harold (D:8)
  Erolcha (D:9)
  A catoblepas (Lair:5)
  Erica (D:9)
  3 death yaks (D:8)
  Urug (Lair:2)
  Pikel (D:7)
  An elephant (Lair:4)
  2 black mambas
  Psyche (D:8)
  13 cane toads
  Maggie (D:7)
  4 rime drakes
  3 komodo dragons
  A troll (D:6)
  A polar bear (Lair:1)
  Grinder (D:3)
  5 hippogriffs
  5 blink frogs (Lair:1)
  2 bog bodies (Lair:4)
  7 dream sheep (Lair:4)
  4 wraiths (Lair:4)
  9 yaks
  A wyvern (Lair:4)
  Grum (D:8)
  A basilisk (Lair:4)
  Edmund (D:4)
  Menkaure (D:4)
  9 porcupines
  7 water moccasins
  A black bear (D:6)
  An ice beast (D:6)
  A phantom (D:8)
  4 orc warriors
  3 sky beasts
  An ogre (D:9)
  An eye of draining (D:8)
  3 wolves (D:8)
  A necrophage (D:6)
  4 centaurs
  4 crocodiles
  A big kobold (D:8)
  2 wyvern zombies (D:8)
  8 bullfrogs
  4 water moccasin zombies
  Dowan (D:7)
  2 scorpions
  5 wights (D:6)
  4 howler monkeys
  A bullfrog zombie (D:6)
  A jelly (D:9)
  2 quasits
  5 hounds
  Crazy Yiuf (D:4)
  5 orc priests
  4 orc wizards
  Ijyb (D:4)
  A centaur skeleton (D:9)
  Jessica (D:2)
  2 worker ants
  4 big kobold zombies (Ossuary)
  A hound zombie (D:5)
  A howler monkey zombie (D:6)
  2 mummies (Ossuary)
  A worker ant zombie (D:5)
  4 gnolls (D:9)
  14 adders
  2 shadow imps
  2 white imps
  4 ufetubi
  3 oozes
  5 adder zombies (Ossuary)
  An adder skeleton (D:4)
  3 dart slugs
  5 leopard geckos
  57 orcs
  7 giant cockroaches
  4 gnoll zombies (Ossuary)
  8 goblins
  9 hobgoblins
  5 jackals
  16 kobolds
  7 quokkas
  2 ball pythons (D:3)
  6 bats
  4 frilled lizards
  A giant cockroach zombie (D:5)
  2 hobgoblin zombies (Ossuary)
  4 kobold zombies (Ossuary)
  A leopard gecko skeleton (D:5)
  5 orc zombies (Ossuary)
  9 rats
  2 fungi
  A plant (D:3)
374 creatures vanquished.

Vanquished Creatures (others)
  Duvessa (D:7)
  An adder (D:5)
  An orc (D:3)
  A quokka (D:5)
  3 fungi
  A plant (Lair:4)
8 creatures vanquished.

Grand Total: 382 creatures vanquished

Notes
Turn   | Place    | Note
-------+----------+-------------------------------------------
     0 | D:1      | MrRokkomies the Barachi Fighter began the quest for the
                  | Orb.
     0 | D:1      | Reached XP level 1. HP: 18/18 MP: 1/1
   142 | D:1      | Reached XP level 2. HP: 23/25 MP: 2/2
   524 | D:1      | Reached skill level 3 in Long Blades
   784 | D:1      | Reached XP level 3. HP: 30/30 MP: 3/3
   869 | D:2      | Reached skill level 1 in Dodging
   943 | D:2      | Noticed Jessica
   957 | D:2      | Killed Jessica
   957 | D:2      | Reached skill level 1 in Evocations
   962 | D:2      | Reached XP level 4. HP: 12/37 MP: 4/4
  2050 | D:3      | Reached XP level 5. HP: 24/43 MP: 5/5
  2193 | D:3      | Found a radiant altar of Vehumet.
  2256 | D:3      | Noticed Grinder
  2266 | D:3      | Paralysed by Grinder for 4 turns
  2288 | D:3      | Killed Grinder
  2288 | D:3      | Reached skill level 4 in Long Blades
  2288 | D:3      | Reached XP level 6. HP: 26/50 MP: 6/6
  3119 | D:3      | Found a glowing golden altar of the Shining One.
  3514 | D:4      | Noticed Ijyb
  3542 | D:4      | Killed Ijyb
  3542 | D:4      | Reached skill level 5 in Long Blades
  3554 | D:4      | Reached skill level 5 in Armour
  3554 | D:4      | Reached XP level 7. HP: 32/55 MP: 7/7
  3935 | D:4      | Reached skill level 5 in Fighting
  4007 | D:4      | Found a burning altar of Makhleb.
  4087 | D:4      | Noticed Edmund
  4102 | D:4      | Killed Edmund
  4155 | D:4      | Noticed a green death
  4170 | D:4      | Noticed Menkaure
  4179 | D:4      | Killed Menkaure
  4438 | D:4      | Found a glowing silver altar of Zin.
  4438 | D:4      | Noticed an angel
  4620 | D:4      | Found a runed translucent door.
  4621 | D:4      | Noticed Crazy Yiuf
  4641 | D:4      | Killed Crazy Yiuf
  4884 | D:5      | Entered Level 5 of the Dungeon
  4923 | D:5      | Found a staircase to the Ecumenical Temple.
  4944 | D:5      | Reached skill level 6 in Long Blades
  4962 | Temple   | Entered the Ecumenical Temple
  5290 | D:5      | Found a shimmering blue altar of Sif Muna.
  5323 | D:5      | Found a snail-covered altar of Cheibriados.
  5364 | D:5      | Became a worshipper of Cheibriados the Contemplative
  5472 | D:5      | Reached XP level 8. HP: 30/62 MP: 8/8
  5742 | D:5      | Reached skill level 5 in Evocations
  5996 | D:5      | Reached * piety under Cheibriados
  6015 | D:5      | Reached skill level 7 in Long Blades
  6151 | D:5      | Found a shimmering altar of Xom.
  6542 | D:6      | Got a pair of spiked boots
  6553 | D:6      | Identified the cursed -3 pair of boots of Inaction {rPois
                  | Str+3 Int+3} (You found it on level 6 of the Dungeon)
  6567 | D:6      | Reached XP level 9. HP: 46/69 MP: 9/9
  6693 | D:6      | Reached ** piety under Cheibriados
  6693 | D:6      | Reached skill level 8 in Long Blades
  6827 | D:6      | Noticed a troll
  6840 | D:6      | Killed a troll
  7049 | D:6      | Reached skill level 5 in Dodging
  7422 | D:6      | Reached skill level 9 in Long Blades
  7781 | D:7      | Noticed Maggie
  7788 | D:7      | Killed Maggie
  7792 | D:7      | Found a sand-covered staircase.
  7798 | Ossuary  | Entered an ossuary
  7827 | Ossuary  | Reached *** piety under Cheibriados
  8114 | D:7      | Noticed Pikel
  8136 | D:7      | Killed Pikel
  8136 | D:7      | Reached XP level 10. HP: 47/82 MP: 10/10
  8315 | D:7      | Noticed Dowan
  8315 | D:7      | Noticed Duvessa
  8329 | D:7      | Killed Duvessa
  8329 | D:7      | Reached skill level 10 in Long Blades
  8332 | D:7      | Killed Dowan
  8438 | D:7      | Found a hide-covered altar of Uskayaw.
  8583 | D:7      | Found a shimmering altar of Xom.
  8721 | D:8      | Found Iwit's Antique Weapon Shop.
  8721 | D:8      | Noticed Harold
  8788 | D:8      | Reached **** piety under Cheibriados
  8861 | D:8      | Killed Harold
  8861 | D:8      | Reached skill level 1 in Invocations
  8863 | D:8      | Noticed Psyche
  8896 | D:8      | Killed Psyche
  8967 | D:8      | Noticed a death yak
  8970 | D:8      | Noticed a death yak
  8972 | D:8      | Noticed a death yak
  8985 | D:8      | Killed a death yak
  8985 | D:8      | Reached skill level 11 in Long Blades
  8989 | D:8      | Killed a death yak
  8989 | D:8      | Reached XP level 11. HP: 70/87 MP: 6/13
  8993 | D:8      | Killed a death yak
  9127 | D:8      | Found a staircase to the Lair.
  9191 | D:8      | Learned a level 2 spell: Blink
  9223 | D:8      | Noticed Grum
  9245 | D:8      | Killed Grum
  9261 | D:8      | HP: 4/87 [wyvern zombie (7)]
  9642 | D:8      | Found a roughly hewn altar of Beogh.
  9819 | D:9      | Reached skill level 5 in Invocations
  9888 | D:9      | Noticed Erolcha
  9901 | D:9      | Killed Erolcha
  9901 | D:9      | Reached skill level 12 in Long Blades
  9907 | D:9      | Noticed Gastronok
  9912 | D:9      | Reached ***** piety under Cheibriados
  9917 | D:9      | HP: 3/87 [Gastronok (29)]
 10503 | D:9      | Killed Gastronok
 10665 | D:9      | Noticed Erica
 10683 | D:9      | Killed Erica
 11071 | Lair:1   | Entered Level 1 of the Lair of Beasts
 11086 | Lair:1   | Reached XP level 12. HP: 46/94 MP: 13/16
 11093 | Lair:1   | Reached skill level 10 in Armour
 11410 | Lair:1   | Reached skill level 13 in Long Blades
 12127 | Lair:1   | Got a garnet-encrusted scale mail
 12138 | Lair:1   | Identified the cursed +0 scale mail of Jiehurei {Int+2}
                  | (You found it on level 1 of the Lair of Beasts)
 13130 | Lair:2   | Noticed a five-headed hydra
 13138 | Lair:2   | Killed a one-headed hydra
 13415 | Lair:2   | Noticed Urug
 13423 | Lair:2   | Killed Urug
 13728 | Lair:2   | Reached skill level 14 in Long Blades
 14327 | Lair:2   | Learned a level 4 spell: Animate Dead
 14332 | Lair:2   | Learned a level 4 spell: Iskenderun's Mystic Blast
 14578 | Lair:3   | You fall into a shaft and drop 2 floors!
 14699 | Lair:5   | Noticed a five-headed hydra
 14708 | Lair:5   | Killed a two-headed hydra
 14708 | Lair:5   | Gained mutation: You can hop long distances. [Barachi
                  | growth]
 14708 | Lair:5   | Reached XP level 13. HP: 79/101 MP: 19/19
 14974 | Lair:5   | Noticed Nessos
 14986 | Lair:5   | Killed Nessos
 16136 | Lair:4   | Found a staircase to the Swamp.
 16159 | Lair:4   | Reached skill level 10 in Fighting
 16523 | Lair:4   | Reached skill level 10 in Dodging
 16758 | Lair:4   | Found an iron altar of Okawaru.
 16976 | Lair:4   | Noticed Josephine
 16988 | Lair:4   | Killed Josephine
 16988 | Lair:4   | Reached skill level 1 in Bows
 17477 | Lair:4   | Mangled by a catoblepas

Illustrated notes

Levels and vault maps discovered:
D:1:      dpeg_arrival_refuge, layout_basic
D:2:      layout_rooms, uniq_jessica
D:3:      layout_basic, nicolae_overflow_hidden_temple, fiery_altar_vehumet,
          saegor_snake_ambush, uniq_grinder
D:4:      layout_loops_corners, grunt_temple_overflow_order_and_chaos_2,
          hex_large, kennysheep_generic_room_8, uniq_edmund,
          uniq_crazy_yiuf_cottage, uniq_menkaure, uniq_ijyb
D:5:      cheibrodos_fzero, layout_rooms, grunt_temple_overflow_open,
          kennysheep_slug_shrine, minmay_temple_entry_large_hall
D:6:      layout_basic, ebering_dispersal_statue_hall,
          minmay_manual_mandibuliform
D:7:      layout_rooms, eat_drink_and_be_merry_uskayaw, basic_altar,
          lightli_ossuary_entry_decrepit_ruins, uniq_pikel, uniq_duvessa,
          uniq_maggie
D:8:      layout_rooms, dpeg_lair_monsters, serial_shops, shop, special_room
          [special_room_orc], uniq_psyche, uniq_harold, uniq_grum
D:9:      layout_rooms, uniq_erica, uniq_erolcha, uniq_gastronok
Temple:   eino_narrow_crystal_temple
Lair:1:   layout_cave_shapes, chequers_serial_rivers_marsh, beast_lair_carwin_5
Lair:2:   layout_gridlike, uniq_urug
Lair:3:   regret_index_wax_grids, layout_misc_corridors, serial_rivers,
          chequers_serial_rivers_small_b, chequers_serial_rivers_marsh,
          chequers_serial_rivers_large_a, chequers_serial_rivers_micro_a,
          chequers_serial_rivers_small_3, ebering_ghost_rock_garden
Lair:4:   layout_gridlike, skrybe_swamp_entry_bodies, dummy_spider_entry,
          basic_altar, minivault_24, grunt_megastairs_2, uniq_josephine
Lair:5:   layout_loops_ring, uniq_nessos

Skill      XL: |  1  2  3  4  5  6  7  8  9 10 11 12 13 |
---------------+----------------------------------------+-----
Fighting       | 4 5 8 9 10 | 10.2
Long Blades    | 3 4 5 6 7 9 11 12 14 | 14.0
Dodging        | 1 2 3 4 5 7 8 9 10 | 10.1
Armour         | 4 5 6 7 8 9 10 12 | 12.0
Evocations     | 1 2 3 4 6 |  6.0
Invocations    | 3 6 8 9 |  9.5
Bows           | 1 |  1.6
Shields        | |  3.2

Action                   |  1- 3 |  4- 6 |  7- 9 | 10-12 | 13-15 || total
-------------------------+-------+-------+-------+-------+-------++-------
Melee: Long sword        |    89 |   308 |   216 |       |       ||   613
       Dagger            |       |       |   363 |   183 |       ||   546
       Scimitar          |       |       |       |   282 |   122 ||   404
       Triple sword      |       |       |       |       |    19 ||    19
Throw: Javelin           |       |     2 |     7 |     3 |       ||    12
       Throwing net      |       |       |       |     1 |       ||     1
       Boomerang         |       |       |       |    21 |       ||    21
Invok: Slouch            |       |       |       |     6 |     1 ||     7
       Bend Time         |       |       |       |     2 |       ||     2
       Temporal Distorti |       |       |       |       |     1 ||     1
 Abil: Evoke Invisibilit |       |       |     1 |     3 |       ||     4
       Hop               |       |       |     1 |       |       ||     1
Evoke: Wand              |       |       |     2 |    17 |     2 ||    21
  Use: Scroll            |     1 |     4 |    10 |     6 |     4 ||    25
       Potion            |       |     3 |       |     7 |       ||    10
 Stab: Invisible         |       |       |     4 |     7 |       ||    11
       Paralysed         |       |       |     3 |     3 |       ||     6
       Held in net/web   |       |       |       |     2 |       ||     2
       Confused          |       |       |       |     1 |       ||     1
       Sleeping          |       |       |       |     1 |       ||     1
Armor: Scale mail        |    21 |       |       |     2 |       ||    23
       Plate armour      |    22 |   175 |   304 |   149 |    55 ||   705
Dodge: Dodged            |    15 |    39 |   114 |   254 |    91 ||   513
Block: Kite shield       |    48 |   145 |   256 |   309 |    55 ||   813
       Rpst.: Long sword |     3 |    13 |    15 |       |       ||    31
       Scimitar          |       |       |       |    52 |    14 ||    66
       Triple sword      |       |       |       |       |     9 ||     9

Table legend:
 A = Non-vault XP
 B = Vault XP
 C = Vault XP percentage of total XP
 D = Non-vault monster count
 E = Vault monster count
 F = Vault count percentage of total count
                 A         B        C        D         E       F
            +---------+---------+-------+---------+---------+-------
      Total |   25201 |   19837 |  44.0 |     257 |     114 |  30.7
            +---------+---------+-------+---------+---------+-------
        D:1 |      36 |       0 |   0.0 |      17 |       0 |   0.0
        D:2 |      60 |      37 |  38.1 |      22 |       1 |   4.3
        D:3 |     139 |     296 |  68.0 |      31 |       4 |  11.4
        D:4 |      42 |     416 |  90.8 |       6 |       5 |  45.5
        D:5 |     562 |     341 |  37.8 |      18 |      11 |  37.9
        D:6 |    1238 |     676 |  35.3 |      36 |       4 |  10.0
        D:7 |     149 |    1250 |  89.3 |       4 |       4 |  50.0
        D:8 |    1293 |    5713 |  81.5 |      29 |      38 |  56.7
        D:9 |     975 |    4121 |  80.9 |      27 |       3 |  10.0
     Lair:1 |    7236 |    1547 |  17.6 |      28 |       6 |  17.6
     Lair:2 |    3067 |     843 |  21.6 |       9 |       1 |  10.0
     Lair:3 |     683 |       0 |   0.0 |       3 |       0 |   0.0
     Lair:4 |    4246 |    2929 |  40.8 |      16 |       9 |  36.0
     Lair:5 |    5475 |    1344 |  19.7 |      11 |       1 |   8.3
    Ossuary |       0 |     324 | 100.0 |       0 |      27 | 100.0
            +---------+---------+-------+---------+---------+-------
